 Dungeon Crawl Stone Soup version 0.16-a0-4008-gc88e425 (webtiles) character file.

11361 Charly the Nimble (level 11, -1/80 HPs)
             Began as a Merfolk Transmuter on Feb 16, 2015.
             Was a Priest of Ashenzari.
             Shot with an arrow by a centaur warrior (10 damage)
             ... on level 11 of the Dungeon.
             The game lasted 01:09:41 (5385 turns).

Charly the Nimble (Merfolk Transmuter)              Turns: 5385, Time: 01:09:41

Health: -1/80      AC:  2    Str: 11    XL:     11   Next: 76%
Magic:  0/25       EV: 37    Int: 15    God:    Ashenzari [***...]
Gold:   261        SH:  0    Dex: 22    Spells: 6 memorised, 6 levels left

rFire  . . .     SeeInvis +       - Unarmed
rCold  . . .     Clarity  +     c - melded +0 robe (curse)
rNeg   . . .     SustAb   .     (shield currently unavailable)
rPois  x         Gourm    .     E - melded +1 hat (curse)
rElec  .         Spirit   +     o - melded +2 cloak {MR+} (curse)
rCorr  .         Warding  .     p - melded +0 pair of gloves (curse)
rMut   .         Stasis   .     D - melded +0 pair of boots (curse)
MR     +....                    J - amulet of guardian spirit
Stlth  ++........               M - ring of protection from magic (curse)
                                b - +2 ring of dexterity

@: spider-form, somewhat resistant to hostile enchantments, unstealthy
A: (change form in water), (swift swim)
a: End Transformation, Renounce Religion


You were on level 11 of the Dungeon.
You worshipped Ashenzari.
Ashenzari was most pleased with you.
You were not hungry.
You were a venomous arachnid creature.
You visited 1 branch of the dungeon, and saw 11 of its levels.
You also visited: Ossuary.

You collected 558 gold pieces.
You spent 297 gold pieces at shops.

Inventory:

Hand weapons
 a - a +0 blowgun
Missiles
 t - 8 curare-tipped needles
Armour
 c - a cursed +0 robe (melded)
 o - a cursed +2 cloak of magic resistance (melded)
 p - a cursed +0 pair of gloves (melded)
 C - a +2 helmet
 D - a cursed +0 pair of boots (melded)
 E - a cursed +1 hat (melded)
Jewellery
 b - a +2 ring of dexterity (left front leg)
 A - an uncursed amulet of resist corrosion
 J - an amulet of guardian spirit (around neck)
 K - an uncursed ring of sustain abilities
 M - a cursed ring of protection from magic (right front leg)
Magical devices
 f - a wand of draining (8)
 q - a wand of paralysis (3)
Scrolls
 d - a scroll of summoning
 h - a scroll of enchant armour {unknown}
 i - 7 scrolls of magic mapping
 m - a scroll of blinking
 r - a scroll of noise {unknown}
 u - 3 scrolls of recharging
 v - 3 scrolls of fog
 y - 3 scrolls of amnesia
 B - a scroll of random uselessness {unknown}
 F - 3 scrolls of curse armour
 R - a scroll of immolation {unknown}
Potions
 e - 8 potions of flight
 j - 3 potions of restore abilities
 k - 2 potions of cancellation
 l - a potion of brilliance
 x - a potion of resistance
 z - a potion of magic
 P - 3 potions of berserk rage {unknown}
Books
 G - a book of Enchantments

   Spells                             Type                      Level
   a - Tukima's Dance                 Hexes                        3
   b - Cause Fear                     Hexes                        4
   c - Silence                        Hexes/Air                    5
   d - Deflect Missiles               Charms/Air                   6
   e - Haste                          Charms                       6
   f - Discord                        Hexes                        8
Miscellaneous
 H - a phantom mirror
Comestibles
 n - 3 slices of pizza
 I - 5 bread rations
 Q - a meat ration


   Skills:
 + Level 5.5 Fighting
 + Level 12.3(14.8) Dodging
 + Level 11.1 Unarmed Combat
 + Level 6.7 Spellcasting
 - Level 3.0 Translocations
 - Level 9.0 Transmutations
 - Level 3.0 Ice Magic
 - Level 3.5 Poison Magic


You had 6 spell levels left.
You knew the following spells:

 Your Spells              Type           Power        Failure   Level  Hunger
a - Apportation           Tloc           ##........   14%         1    None
b - Blink                 Tloc           N/A          21%         2    None
g - Shroud of Golubria    Chrm/Tloc      #.........   28%         2    None
h - Blade Hands           Trmt           ####......   28%         5    #####..
I - Ice Form              Ice/Trmt       ###.....     32%         4    ####...
S - Spider Form           Trmt/Pois      ###.......   12%         3    ##.....


Dungeon Overview and Level Annotations

Branches:
Dungeon (11/15)              Lair (0/8) D:8             Orc (0/4) D:9
 Temple: D:4-7

Altars:
Ashenzari
Cheibriados
Dithmenos
Gozag
Okawaru
Qazlal
Vehumet
Xom

Shops:
D:5 *   D:9 !

Annotations:
D:2 Robin
D:3 Uberwunderbarhen's ghost, average DEFE
D:6 Eustachio
D:11 Erolcha


Message History

The centaur warrior completely misses you.
The wraith completely misses you.
Unknown command.
You hit the centaur warrior.
The centaur warrior is heavily wounded.
Your surroundings seem slightly different.
Your giant frog hits the centaur warrior.
The centaur warrior hits your giant frog.
Your giant frog hits the centaur warrior!
The centaur warrior hits your giant frog.
Your giant frog hits the centaur warrior but does no damage.
The wraith hits your giant frog!
Your giant frog dies!
Your giant frog's corpse dissolves into shadows!
The centaur warrior wields an uncursed shortbow.
The centaur warrior shoots an arrow.
The arrow closely misses you.
The centaur warrior shoots an arrow.
The arrow completely misses you.
There is a stone staircase leading up here.
The centaur warrior shoots an arrow.
The arrow hits you!
You die...

############ ##########
#.......(..# #........[ *
###.........(#####......... .
**#.'..........'((##........(
. .#..)....s..##.().........
., #..........#####....<....
..* #....W.....# #.....((..
.. #...§c.....# ##'####### ..
###(######## #..#### # ###u#
##..(.# #...# ####(###
###u###** * #..).
#######.W...#, #** ########.


You could see a centaur warrior and a wraith.

Vanquished Creatures
  2 skeletal warriors (D:10)
  An ugly thing (D:11)
  Maurice (D:8)
  A centaur zombie (D:11)
  6 centaur skeletons (D:10)
  A gargoyle (D:11)
  2 trolls
  Sonja (D:11)
  2 flying skulls (D:10)
  A shadow (D:10)
  4 yaks (D:9)
  A wraith (D:11)
  A deep elf mage (D:10)
  A hungry ghost (D:11)
  A deep elf fighter (D:8)
  A water moccasin (D:9)
  2 ice beasts
  4 orc warriors (D:9)
  A phantom (D:9)
  7 ogres
  3 necrophages (D:10)
  Duvessa (D:8)
  3 centaurs (D:11)
  A brain worm (D:11)
  3 giant frogs
  3 big kobolds
  2 wyvern zombies (D:10)
  6 scorpions
  5 wights (D:10)
  3 jellies
  Dowan (D:8)
  A giant frog zombie (D:10)
  6 crimson imps
  4 hounds
  5 orc priests
  5 giant frog skeletons (D:10)
  9 orc wizards
  4 worker ants
  An iguana (D:5)
  2 killer bee zombies
  Ijyb (D:7)
  3 hound skeletons
  15 mummies
  4 gnolls
  6 worker ant zombies
  2 giant mites
  A shadow imp (D:5)
  4 adders
  2 adder zombies
  2 giant geckos
  An ooze (D:1)
  35 orcs
  11 bats
  A bat skeleton (D:4)
  A bat zombie (D:4)
  4 giant cockroaches
  10 hobgoblins
  14 jackals
  26 kobolds
  A quokka (D:3)
  A ball python (D:3)
  2 giant newts
  A gnoll skeleton (Ossuary)
  7 goblins
  4 goblin skeletons (Ossuary)
  A jackal zombie (D:5)
  A kobold skeleton (Ossuary)
  2 orc skeletons (Ossuary)
  A quokka zombie (D:5)
  9 rats
  11 rat skeletons (Ossuary)
293 creatures vanquished.

Vanquished Creatures (collateral kills)
  Josephine (D:11)
  A human zombie (D:11)
  An ogre (D:4)
  A scorpion (D:7)
  3 worker ants
  A mummy (Ossuary)
  A gnoll (D:4)
  A shadow imp (D:11)
  A hobgoblin (D:4)
  A goblin (D:3)
12 creatures vanquished.

Vanquished Creatures (others)
  A wasp (D:11)
  A big kobold (D:8)
  A giant frog (D:11)
  An orc wizard (D:11)
  An orc (D:10)
5 creatures vanquished.

Grand Total: 310 creatures vanquished

Notes
Turn   | Place    | Note
--------------------------------------------------------------
     0 | D:1      | Charly, the Merfolk Transmuter, began the quest for the Orb.
     0 | D:1      | Reached XP level 1. HP: 15/15 MP: 3/3
    78 | D:1      | Reached XP level 2. HP: 12/21 MP: 2/4
    85 | D:1      | Learned a level 2 spell: Sticks to Snakes
   155 | D:1      | Found a shattered altar of Ashenzari.
   175 | D:1      | Became a worshipper of Ashenzari the Shackled
   289 | D:2      | Reached XP level 3. HP: 19/26 MP: 6/6
   295 | D:2      | Learned a level 3 spell: Spider Form
   507 | D:2      | Found an opulent altar of Gozag.
   565 | D:2      | Noticed Robin
   615 | D:3      | HP: 1/26 [hobgoblin/club (2)]
   693 | D:3      | Found a radiant altar of Vehumet.
   849 | D:3      | Found a shadowy altar of Dithmenos.
   950 | D:3      | Reached skill level 4 in Dodging
   950 | D:3      | Reached XP level 4. HP: 28/32 MP: 2/7
  1053 | D:4      | Reached skill level 1 in Poison Magic
  1064 | D:4      | Found a sand-covered staircase.
  1126 | D:3      | Reached XP level 5. HP: 16/37 MP: 5/9
  1175 | D:3      | Noticed Uberwunderbarhen's ghost (average DEFE)
  1253 | D:4      | Noticed an ogre
  1348 | Ossuary  | Entered an ossuary
  1410 | Ossuary  | Reached XP level 6. HP: 19/43 MP: 4/10
  1534 | Ossuary  | Reached skill level 5 in Unarmed Combat
  1619 | Ossuary  | Reached skill level 5 in Dodging
  1664 | Ossuary  | Reached skill level 5 in Transmutations
  1989 | D:4      | Reached XP level 7. HP: 22/48 MP: 2/12
  2054 | D:5      | Entered Level 5 of the Dungeon
  2054 | D:5      | Found a shimmering altar of Xom.
  2221 | D:4      | Killed an ogre
  2221 | D:4      | Reached skill level 6 in Dodging
  2292 | D:5      | Found Esaj's General Store.
  2403 | D:5      | Reached XP level 8. HP: 34/54 MP: 10/13
  2506 | D:5      | Found a stormy altar of Qazlal.
  2625 | D:6      | Reached skill level 7 in Transmutations
  2661 | D:6      | Noticed Eustachio
  2701 | D:7      | Acquired Ashenzari's first power
  2908 | D:6      | Found an iron altar of Okawaru.
  3001 | D:6      | Found a snail-covered altar of Cheibriados.
  3159 | D:7      | Noticed Ijyb
  3171 | D:7      | Killed Ijyb
  3187 | D:8      | Reached skill level 8 in Transmutations
  3199 | D:8      | Learned a level 5 spell: Blade Hands
  3371 | D:8      | Reached XP level 9. HP: 25/59 MP: 6/14
  3425 | D:8      | Noticed Maurice
  3447 | D:8      | Killed Maurice
  3447 | D:8      | Reached skill level 9 in Transmutations
  3481 | D:8      | Learned a level 1 spell: Apportation
  3501 | D:8      | Noticed Dowan
  3502 | D:8      | Noticed Duvessa
  3519 | D:8      | Killed Duvessa
  3533 | D:8      | Killed Dowan
  3592 | D:8      | Found a staircase to the Lair.
  3746 | D:8      | Reached skill level 1 in Translocations
  3968 | D:9      | Found a staircase to the Orcish Mines.
  4059 | D:9      | Found Griat's Distillery.
  4063 | D:9      | Bought a potion of might for 44 gold pieces
  4063 | D:9      | Bought a potion of heal wounds for 55 gold pieces
  4063 | D:9      | Bought a potion of might for 44 gold pieces
  4063 | D:9      | Bought a potion of might for 44 gold pieces
  4063 | D:9      | Bought a potion of haste for 110 gold pieces
  4088 | D:9      | Learned a level 4 spell: Ice Form
  4113 | D:9      | Reached XP level 10. HP: 65/65 MP: 14/20
  4115 | D:9      | Reached skill level 10 in Dodging
  4115 | D:9      | Reached skill level 1 in Ice Magic
  4176 | D:9      | Learned a level 2 spell: Blink
  4203 | D:9      | Learned a level 2 spell: Shroud of Golubria
  4340 | D:10     | Entered Level 10 of the Dungeon
  4444 | D:10     | Noticed a skeletal warrior
  4498 | D:10     | Reached skill level 5 in Spellcasting
  4531 | D:10     | Acquired Ashenzari's second power
  4600 | D:10     | Reached skill level 11 in Dodging
  4619 | D:10     | Reached skill level 10 in Unarmed Combat
  4629 | D:10     | Noticed a skeletal warrior
  4647 | D:10     | Killed a skeletal warrior
  4647 | D:10     | Reached XP level 11. HP: 52/75 MP: 5/24
  4814 | D:10     | Killed a skeletal warrior
  4862 | D:11     | Noticed Erolcha
  5075 | D:11     | Reached skill level 12 in Dodging
  5103 | D:11     | Noticed Sonja
  5112 | D:11     | Reached skill level 5 in Fighting
  5136 | D:11     | Killed Sonja
  5297 | D:11     | Noticed Josephine
  5310 | D:11     | HP: 4/80 [Josephine/antimagic dagger (4)]
  5360 | D:11     | HP: 4/80 [Josephine/ghostly fireball (12)]
  5364 | D:11     | Killed Josephine
  5374 | D:11     | Noticed a centaur warrior
  5385 | D:11     | Shot with an arrow by a centaur warrior

Action                   |  1- 3 |  4- 6 |  7- 9 | 10-12 || total
-------------------------+-------+-------+-------+-------++-------
Melee: Unarmed           |   132 |   216 |   405 |   294 ||  1047
 Cast: Beastly Appendage |    13 |     4 |    10 |       ||    27
       Sticks to Snakes  |     6 |     7 |    14 |       ||    27
       Spider Form       |       |    18 |    22 |     5 ||    45
       Blade Hands       |       |       |     3 |    18 ||    21
       Apportation       |       |       |       |     4 ||     4
       Shroud of Golubri |       |       |       |     4 ||     4
 Abil: End Transformatio |       |       |     1 |     1 ||     2
Evoke: Wand              |       |     1 |     9 |     3 ||    13
  Use: Scroll            |     5 |     9 |    12 |     8 ||    34
       Potion            |     1 |     2 |     7 |     8 ||    18
 Stab: Sleeping          |       |     1 |       |       ||     1
       Distracted        |       |       |     1 |       ||     1
       Paralysed         |       |       |       |     3 ||     3
  Eat: Chunk             |       |     1 |       |       ||     1
       Bread ration      |       |     2 |     2 |       ||     4
       Pizza             |       |       |     2 |     4 ||     6
       Fruit             |       |       |       |     3 ||     3
       Meat ration       |       |       |       |     1 ||     1
